 Dungeon Crawl Stone Soup version 0.28.0-53-g5a82cb258f (webtiles) character file.

Game seed: 10076571930105884727

4041 doricub5 the Fighter (level 10, -3/99 HPs)
             Began as a Minotaur Fighter on July 22, 2022.
             Was a Priest of Okawaru.
             Slain by a two-headed ogre
             ... wielding a +0 giant club
              (7 damage)
             ... on level 7 of the Dungeon.
             The game lasted 00:24:34 (7014 turns).

doricub5 the Fighter (Minotaur Fighter)             Turns: 7014, Time: 00:24:35

Health: -3/99      AC: 12    Str: 24    XL:     10   Next: 4%
Magic:  11/11      EV: 11    Int:  5    God:    Okawaru [***...]
Gold:   413        SH:  6    Dex: 17    Spells: 9/9 levels left

rFire   . . .      SeeInvis .   a - +0 long sword (flame)
rCold   . . .      Faith    +   c - +0 buckler
rNeg    . . .      Spirit   .   j - +0 chain mail
rPois   .          Reflect  .   (helmet restricted)
rElec   .          Harm     .   u - +0 cloak
rCorr   .          Rampage  .   (no gloves)
Will    .....                   (no boots)
Stlth   ..........              m - amulet of faith
HPRegen 0.26/turn               A - +6 ring of dexterity
MPRegen 0.12/turn               (no ring)

@: no status effects
A: horns 2, retaliatory headbutt, mutation resistance 1
a: Renounce Religion, Heroism


You were on level 7 of the Dungeon.
You worshipped Okawaru.
Okawaru was most pleased with you.
You visited 2 branches of the dungeon, and saw 10 of its levels.

You collected 413 gold pieces.

Inventory:

Hand Weapons
 a - a +0 long sword of flaming (weapon)
Armour
 c - a +0 buckler (worn)
 j - a +0 chain mail (worn)
 o - a scarf of invisibility
 u - a +0 cloak (worn)
Jewellery
 m - an amulet of faith (around neck)
 t - an amulet of guardian spirit
 A - a +6 ring of dexterity (left hand)
Wands
 s - a wand of digging (4)
Scrolls
 d - a scroll of brand weapon
 e - a scroll of noise {unknown}
 k - 6 scrolls of teleportation
 l - 3 scrolls of vulnerability {unknown}
 p - a scroll of silence {unknown}
 y - a scroll of fog {unknown}
 z - a scroll of enchant armour {unknown}
 B - 3 scrolls of immolation {unknown}
 C - a scroll of magic mapping {unknown}
Potions
 b - a potion of berserk rage {unknown}
 f - a potion of heal wounds {unknown}
 g - 2 potions of curing
 h - 3 potions of lignification {unknown}
 i - a potion of invisibility
 n - a potion of might
 q - a potion of experience {unknown}
 r - a potion of ambrosia {unknown}
 v - a potion of degeneration {unknown}
 w - 2 potions of cancellation {unknown}
 x - 2 potions of magic {unknown}


   Skills:
 * Level 12.3 Fighting
 + Level 4.5 Long Blades
 + Level 9.2 Armour
 + Level 6.1 Dodging
 - Level 5.0 Shields
 + Level 3.0 Invocations


You had 9 spell levels left.
You didn't know any spells.
Your spell library contained the following spells:

 Spells                   Type           Power      Damage    Failure   Level
 Slow                     Hex            0%         N/A       98%         1
 Ensorcelled Hibernation  Hex/Ice        0%         N/A       99%         2
 Passwall                 Tmut/Erth      0%         N/A       99%         2
 Confusing Touch          Hex            0%         N/A       100%        3
 Swiftness                Air            0%         N/A       100%        3
 Vampiric Draining        Necr           0%         2d6       100%        3
 Petrify                  Tmut/Erth      0%         N/A       100%        4
 Borgnjor's Vile Clutch   Necr/Erth      0%         N/A       100%        5
 Metabolic Englaciation   Hex/Ice        0%         N/A       100%        5
 Statue Form              Tmut/Erth      0%         N/A       100%        6
 Animate Dead             Necr           Unusable   N/A       N/A         4
 Death Channel            Necr           Unusable   N/A       N/A         6

Dungeon Overview and Level Annotations

Branches:
Dungeon (9/15)             Temple (1/1) D:5
   Lair: D:8-11         Orc: D:9-12

Altars:
Cheibriados
Dithmenos
Elyvilon
Fedhas
Hepliaklqana
Kikubaaqudgha
Makhleb
Nemelex Xobeh
Okawaru
Sif Muna
Uskayaw
Vehumet
Xom
Yredelemnul
The Shining One

Annotations:
D:7 exclusion: statue


Innate Abilities, Weirdness & Mutations

You have a pair of horns on your head.
You reflexively headbutt those who attack you in melee.
You are somewhat resistant to further mutation.


Message History

You destroy the bullfrog zombie!
Okawaru accepts your kill.
An iguana comes into view.
The iguana hisses angrily.
The iguana bites you but does no damage.
You hit the iguana. You burn the iguana.
The iguana is heavily wounded.
The iguana closely misses you.
You hit the iguana. You burn the iguana. Your headbutt misses the iguana.
The iguana is severely wounded.
The iguana bites you! x2
You slash the iguana! You burn the iguana.
You kill the iguana!
Okawaru accepts your kill.
A two-headed ogre is nearby!
The two-headed ogre shouts in stereo!
You hit the two-headed ogre. You burn the two-headed ogre.
You headbutt the two-headed ogre!
The two-headed ogre is moderately wounded.
The two-headed ogre hits you with a +0 giant club!
You block the two-headed ogre's attack.
You closely miss the two-headed ogre.
The two-headed ogre is moderately wounded.
The two-headed ogre hits you with a +0 giant club!
The two-headed ogre hits you with a +0 giant club!!
You hit the two-headed ogre. You burn the two-headed ogre.
The two-headed ogre is moderately wounded.
The two-headed ogre hits you with a +0 giant club!!
* * * LOW HITPOINT WARNING * * *
The two-headed ogre hits you with a +0 giant club!
* * * LOW HITPOINT WARNING * * *
You slash the two-headed ogre! You burn the two-headed ogre.
The two-headed ogre is severely wounded.
You block the two-headed ogre's attack.
The two-headed ogre hits you with a +0 giant club!
* * * LOW HITPOINT WARNING * * *
You barely miss the two-headed ogre.
The two-headed ogre is severely wounded.
The two-headed ogre hits you with a +0 giant club!
You die...

####### #.....# #.....#
########## #....†#
##......... #.....#
##.......... #.....###
#........... #.......#
#.........## #....@#.#
#........##
#....O#.###.......##
#.....#..........##
#.....#..........#
#.....#............#####
#.......##.###.#####
#.O...## #. #...# .....#
#. #.### ....# #. #...+


You could see a two-headed ogre.

Vanquished Creatures
  A two-headed ogre (D:8)
  Pikel (D:4)
  An ugly thing (D:8)
  Sigmund (D:2)
  Eustachio (D:4)
  The ghost of JJisdabomb the Skirmisher, an amateur DsFi (D:4)
  Menkaure (D:4)
  2 water moccasins
  An orc warrior (D:6)
  4 ogres
  2 necrophages
  A phantom (D:6)
  A kobold brigand (D:6)
  Blork the orc (D:4)
  2 scorpions
  A wyvern skeleton (D:5)
  A water moccasin skeleton (D:7)
  A howler monkey (D:6)
  4 bullfrog zombies
  3 hounds
  A jelly (D:6)
  3 bullfrog skeletons
  3 iguanas
  A scorpion zombie (D:5)
  An orc wizard (D:6)
  Ijyb (D:4)
  A hound skeleton (D:4)
  10 gnolls
  9 adders
  3 shadow imps
  2 ufetubi (D:4)
  An adder skeleton (D:4)
  An adder zombie (D:4)
  2 worms
  A dart slug (D:2)
  14 orcs
  4 ball pythons
  5 bats (D:1)
  6 endoplasms
  3 giant cockroaches
  5 goblins
  8 hobgoblins
  6 jackals
  15 kobolds
  4 quokkas
  2 frilled lizards
  A quokka skeleton (D:2)
  3 rats
147 creatures vanquished.

Notes
Turn   | Place    | Note
-------+----------+-------------------------------------------
     0 | D:1      | doricub5 the Minotaur Fighter began the quest for the Orb.
     0 | D:1      | Reached XP level 1. HP: 19/19 MP: 0/0
   258 | D:1      | Reached skill level 4 in Fighting
   309 | D:1      | Reached XP level 2. HP: 27/27 MP: 1/1
   557 | D:1      | Found a faded altar of an unknown god.
   882 | D:2      | Noticed Sigmund
   894 | D:2      | Killed Sigmund
   895 | D:2      | Reached skill level 5 in Fighting
   895 | D:2      | Reached XP level 3. HP: 30/37 MP: 2/2
   895 | D:2      | Reached XP level 4. HP: 36/44 MP: 3/3
   895 | D:2      | Reached XP level 5. HP: 41/50 MP: 4/4
  1378 | D:3      | Reached skill level 6 in Fighting
  1523 | D:3      | Identified the +2 dagger "Weisoa" {venom, Int+7 Dex-3}
  1530 | D:3      | Reached skill level 5 in Armour
  1530 | D:3      | Reached skill level 5 in Shields
  1564 | D:3      | Reached XP level 6. HP: 42/58 MP: 5/5
  1741 | D:3      | Gained mutation: You are somewhat resistant to further
                  | mutation. [potion of mutation]
  2290 | D:4      | Noticed Eustachio
  2298 | D:4      | Killed Eustachio
  2299 | D:4      | Reached skill level 7 in Fighting
  2309 | D:4      | Reached XP level 7. HP: 19/67 MP: 6/6
  2588 | D:4      | Found a shadowy altar of Dithmenos.
  2756 | D:4      | Reached skill level 8 in Fighting
  2824 | D:4      | Noticed Pikel
  2840 | D:4      | Killed Pikel
  2841 | D:4      | Reached skill level 9 in Fighting
  2841 | D:4      | Reached XP level 8. HP: 39/78 MP: 7/7
  3089 | D:4      | Noticed Menkaure
  3090 | D:4      | Noticed Blork the orc
  3093 | D:4      | Killed Menkaure
  3100 | D:4      | Killed Blork the orc
  3250 | D:4      | Noticed Ijyb
  3262 | D:4      | Killed Ijyb
  3502 | D:4      | Found a runed translucent gate.
  3502 | D:4      | Found a runed translucent gate.
  3502 | D:4      | Found a runed translucent gate.
  3502 | D:4      | Noticed JJisdabomb's ghost (amateur DsFi)
  3504 | D:4      | Found a basalt altar of Yredelemnul.
  3529 | D:4      | Killed JJisdabomb's ghost
  3530 | D:4      | Reached skill level 10 in Fighting
  3957 | D:5      | Entered Level 5 of the Dungeon
  4447 | D:5      | Found a staircase to the Ecumenical Temple.
  4453 | Temple   | Entered the Ecumenical Temple
  4511 | Temple   | Became a worshipper of Warmaster Okawaru
  4537 | D:5      | Found a glowing golden altar of the Shining One.
  4781 | D:6      | Reached XP level 9. HP: 69/86 MP: 8/8
  4934 | D:6      | Reached skill level 11 in Fighting
  5177 | D:6      | Reached skill level 5 in Dodging
  5185 | D:6      | Reached * piety under Okawaru
  5320 | D:6      | Reached skill level 1 in Invocations
  6059 | D:7      | Found a radiant altar of Vehumet.
  6218 | D:7      | Noticed a two-headed ogre
  6219 | D:7      | You fall into a shaft and drop 2 floors!
  6219 | D:9      | Noticed a red ugly thing
  6249 | D:9      | Noticed a cyclops
  6278 | D:8      | Killed a red ugly thing
  6278 | D:8      | Reached ** piety under Okawaru
  6279 | D:8      | Reached skill level 12 in Fighting
  6621 | D:8      | Noticed a two-headed ogre
  6634 | D:8      | Killed a two-headed ogre
  6634 | D:8      | Reached *** piety under Okawaru
  6635 | D:8      | Reached XP level 10. HP: 47/97 MP: 9/11
  7013 | D:7      | HP: 4/99 [two-headed ogre/+0 giant club (10)]
  7014 | D:7      | Slain by a two-headed ogre

Illustrated notes

Levels and vault maps discovered:
D:1:      heliophobic_arrival_battle_scene, layout_loops_ring,
          shapermc_ecumenical_altar_mp_ritualfount
D:2:      layout_basic, uniq_sigmund
D:3:      layout_loops_ring
D:4:      layout_loops_cross, grunt_dithmenos_smoke,
          nicolae_yredelemnul_ghost_church,
          nicolae_concentric_dashed_squares_wild, uniq_eustachio, uniq_menkaure,
          uniq_blork_the_orc, uniq_ijyb, uniq_pikel
D:5:      layout_cave_pools, lemuel_tele_altar,
          minmay_temple_entry_enclosed_plants
D:6:      layout_loops_ring
D:7:      minmay_polygon_palace, layout_rooms, vehumet_statue
D:8:      cheibrodos_grave_circle, layout_loops_ring,
          hellmonk_guarded_unrand_gong
D:9:      layout_rooms
Temple:   regret_index_temple_mists

Skill      XL: |  1  2  3  4  5  6  7  8  9 |
---------------+----------------------------+-----
Fighting       | 4 5 6 7 9 10 12 | 12.3
Armour         | 4 5 6 8 9 |  9.2
Shields        | 4 5 |  5.0
Dodging        | 2 4 6 |  6.1
Invocations    | 3 |  3.0
Long Blades    | 4 |  4.5

Action                   |  1- 3 |  4- 6 |  7- 9 | 10-12 || total
-------------------------+-------+-------+-------+-------++-------
Melee: Long sword        |    33 |   123 |   233 |    16 ||   405
       Headbutt          |     5 |    19 |    52 |     3 ||    79
Throw: Throwing net      |       |       |     5 |       ||     5
  Use: Potion            |     1 |     2 |     1 |       ||     4
       Scroll            |       |     5 |       |       ||     5
 Stab: Held in net/web   |       |       |     2 |       ||     2
Armor: Scale mail        |    14 |    65 |     8 |       ||    87
       Chain mail        |       |       |   103 |     9 ||   112
Dodge: Dodged            |    15 |    65 |   101 |     7 ||   188
Block: Buckler           |     7 |    33 |    67 |     5 ||   112
